Map: Bel'Shir Vestige LE (Void)

Players

Krr

  • Race: Protoss Protoss
  • League: Grandmaster
  • Spawn Location: 11:00

Arctur - Winner!

  • Race: Terran Terran
  • League: Diamond
  • Spawn Location: 5:00

Event: IEM XI Katowice - World Championship 2017

VOD

Have the link to the VOD?

Description

Time

  • Played on: Feb. 28, 2017, 3:37 a.m.
  • Length: 6:20

All games in this series

Show
View Real Time Build Order
Export as new Build Order

Krr Protoss 

Build Orders: 1 Gate Expand 

Get SALT Encoding   

  12  0:00  Probe (Chrono Boost)  
  13  0:11  Probe (Chrono Boost)  
  14  0:18  Pylon  
  14  0:22  Probe (Chrono Boost)  
  15  0:36  Probe (Chrono Boost)  
  15  0:37  Assimilator  
  15  0:40  Gateway  
  16  0:46  Probe (Chrono Boost)  
  17  0:57  Probe (Chrono Boost)  
  18  1:08  Probe (Chrono Boost)  
  19  1:16  Nexus  
  19  1:19  Probe (Chrono Boost)  
  20  1:29  Cybernetics Core  
  20  1:32  Probe (Chrono Boost)  
  21  1:37  Assimilator  
  21  1:43  Probe (Chrono Boost)  
  22  1:47  Pylon  
  22  1:53  Probe (Chrono Boost)  
  23  2:06  Mothership Core (Chrono Boost), Stalker  
  27  2:14  Warp Gate  
  27  2:24  Probe (Chrono Boost)  
  27  2:28  Probe (Chrono Boost)  
  29  2:34  Robotics Facility  
  29  2:35  Probe (Chrono Boost)  
  30  2:38  Probe (Chrono Boost)  
  31  2:45  Probe (Chrono Boost)  
  31  2:49  Probe (Chrono Boost)  
  33  2:55  Twilight Council  
  33  2:58  Probe (Chrono Boost)  
  34  3:00  Probe (Chrono Boost), Stalker  
  37  3:10  Probe (Chrono Boost)  
  38  3:14  Pylon  
  38  3:16  Immortal  
  41  3:27  Pylon  
  41  3:30  Pylon  
  32  3:53  Probe (Chrono Boost)  
  32  3:54  Probe (Chrono Boost)  
  32  4:03  Probe (Chrono Boost)  
  32  4:07  Probe (Chrono Boost)  
  34  4:14  Probe (Chrono Boost)  
  35  4:17  Stalker  
  35  4:21  Probe (Chrono Boost)  
  38  4:24  Probe (Chrono Boost)  
  37  4:40  Stalker  
  37  4:43  Gateway  
  39  4:58  Pylon  
  39  5:07  Pylon  
  43  5:22  Stalker  
  45  5:33  Pylon  
  37  5:46  Stalker  
  35  5:52  Pylon  
  35  5:56  Gateway  
  35  6:00  Pylon  
  32  6:11  Pylon  
  25  6:14  Pylon  
Show
View Real Time Build Order
Export as new Build Order

Arctur Terran - Winner!

Build Orders: 1/1/1, Cyclone Opening 

Get SALT Encoding   

  12  0:00  SCV  
  13  0:13  SCV  
  14  0:17  Supply Depot  
  14  0:25  SCV  
  15  0:39  SCV  
  15  0:42  Barracks  
  16  0:45  Refinery  
  16  0:51  SCV  
  16  0:55  Refinery  
  17  1:03  SCV  
  18  1:15  SCV  
  19  1:28  Orbital Command  
  19  1:29  Marine  
  20  1:35  Factory  
  20  1:44  Supply Depot  
  20  1:48  Barracks Reactor  
  20  1:54  SCV  
  21  2:06  SCV  
  22  2:18  Cyclone  
  26  2:23  Starport  
  26  2:24  Marine x2  
  27  2:31  Supply Depot  
  27  2:32  SCV  
  28  2:42  Marine x2  
  30  2:44  SCV  
  31  2:52  Cyclone  
  34  3:04  Medivac  
  36  3:05  Marine  
  36  3:07  Supply Depot  
  36  3:08  Marine  
  38  3:17  Liberator  
  38  3:23  Marine  
  39  3:29  Marine  
  43  3:34  Bunker  
  43  3:47  Marine x2  
  42  3:53  Cyclone  
  39  4:01  Liberator  
  39  4:03  SCV  
  39  4:04  Marine  
  39  4:05  Marine  
  40  4:22  Marine x2  
  42  4:33  SCV  
  42  4:37  Cyclone  
  46  4:40  Marine  
  46  4:41  Supply Depot  
  47  4:47  Liberator  
  47  4:55  Marine  
  47  5:02  SCV, Command Center  
  51  5:08  Marine  
  50  5:18  Marine  
  49  5:22  Factory Tech Lab  
  49  5:23  SCV  
  49  5:25  Marine  
  51  5:39  Marine  
  49  5:43  Marine, Siege Tank  
  53  5:58  SCV  
  53  6:00  Barracks x2  

Tags
 
Add a new tag
Caveats
  • Supply blocks, unpowered buildings, or Contaminate may cause inaccurate times.
  • Supply counts are checked every 10 seconds.